 Dungeon Crawl Stone Soup version 0.16-a0-3476-g5f3739d (console) character file.

244 TALISMASHER the Insei (level 5, 0/38 HPs)
             Began as a Demonspawn Assassin on Jan 12, 2015.
             Slain by an ogre
             ... wielding a cursed +0 giant club
              (21 damage)
             ... on level 4 of the Dungeon.
             The game lasted 00:07:34 (5089 turns).

TALISMASHER the Insei (Demonspawn Assassin)         Turns: 5089, Time: 00:07:34

Health: 0/38       AC:  4    Str: 11    XL:     5   Next: 83%
Magic:  5/5        EV: 11    Int: 13    God:
Gold:   280        SH:  0    Dex: 15    Spells: 0 memorised, 4 levels left

rFire  . . .     SeeInvis .     a - +2 dagger
rCold  + . .     Clarity  .     c - +0 robe
rNeg   . . .     SustAb   +     (no shield)
rPois  .         Gourm    .     p - +0 helmet
rElec  .         Spirit   .     j - +0 cloak
rCorr  .         Warding  .     (no gloves)
rMut   +         Stasis   .     (no boots)
MR     .....                    l - amulet of resist mutation
Stlth  ++........               y - ring of sustain abilities
                                u - ring of protection from cold

@: not resistant to hostile enchantments, unstealthy
A: claws 1, rot immunity
a: no special abilities


You were on level 4 of the Dungeon.
You were not hungry.

You visited 1 branch of the dungeon, and saw 4 of its levels.

You collected 280 gold pieces.

Inventory:

Hand weapons
 a - a +2 dagger (weapon)
 b - a +0 blowgun
Missiles
 e - 11 poisoned needles
 f - 2 curare-tipped needles
 o - 2 javelins (quivered)
Armour
 c - a +0 robe (worn)
 j - a +0 cloak (worn)
 p - a +0 helmet (worn)
Jewellery
 l - an amulet of resist mutation (around neck)
 u - a ring of protection from cold (left claw)
 y - a ring of sustain abilities (right claw)
Magical devices
 v - a wand of confusion (30)
Scrolls
 k - 3 scrolls of identify {unknown}
 n - a scroll of remove curse {unknown}
 q - a scroll of enchant weapon {unknown}
 r - a scroll of magic mapping {unknown}
 t - a scroll of fog {unknown}
 w - a scroll of recharging {unknown}
 B - 3 scrolls of teleportation {unknown}
Potions
 i - 2 potions of flight
 s - 2 potions of heal wounds
 x - a potion of curing {unknown}
 z - a potion of berserk rage {unknown}
 A - a potion of might {unknown}
Comestibles
 d - a royal jelly
 g - 3 bread rations
 h - a slice of pizza
 m - 4 meat rations


   Skills:
 - Level 2.0 Fighting
 - Level 2.5 Short Blades
 - Level 1.7 Throwing
 - Level 0.8 Dodging
 - Level 3.6 Stealth
 + Level 4.8 Unarmed Combat


You had 4 spell levels left.
You didn't know any spells.

Dungeon Overview and Level Annotations

Branches:
Dungeon (4/15)
 Temple: D:4-7

Altars:
Kikubaaqudgha


Innate Abilities, Weirdness & Mutations

You have sharp fingernails.
You are immune to rotting.


Message History

The stinking cloud engulfs Natasha.
You closely miss Natasha.
Natasha is almost dead.
You are engulfed in noxious fumes.
You choke on the stench!
You are confused.
You kill Natasha!
Natasha screams in pain as she dies!
You are engulfed in noxious fumes.
You choke on the stench!
You are more confused.
An ogre comes into view. It is wielding a giant club.
You are engulfed in noxious fumes.
You choke on the stench!
You are more confused.
Drink which item? (? for menu, Esc to quit)
It was a potion of heal wounds.
You feel much better. The ogre hits you with a giant club!
You're too confused to move!
You feel less confused. The ogre hits you with a giant club!!
Ouch! That really hurt!
You die...

#..............# .#....
#..............#####'#...
#.....................#
#.....................#
#......(.......(%..?..#
+.............(.......#####
#.........................#
.......##+##(##..O........# ###
.......+ .. #.@.........# #..
.......# #...........# #..
.......##+# #+#...........# #..
##>......................<# #..
.#........................# #..
.+.............###'###....# #..
.#.............#.....'....# #..
###....#+##############...#####..
..'....+..# ## #.......###


You could see an ogre.

Vanquished Creatures
  An orc wizard (D:3)
  Natasha (D:4)
  Robin (D:2)
  7 adders
  2 worms (D:3)
  2 oozes
  7 orcs
  8 giant cockroaches
  9 goblins
  12 hobgoblins
  7 jackals (D:1)
  4 quokkas
  2 ball pythons (D:2)
  9 bats
  5 giant geckos
  2 giant newts
  9 kobolds
  7 rats
95 creatures vanquished.

Notes
Turn   | Place    | Note
--------------------------------------------------------------
     0 | D:1      | TALISMASHER, the Demonspawn Assassin, began the quest for the Orb.
     0 | D:1      | Reached XP level 1. HP: 16/16 MP: 1/1
   427 | D:1      | Gained mutation: You have sharp fingernails. [demonic ancestry]
   427 | D:1      | Reached XP level 2. HP: 9/22 MP: 2/2
   948 | D:1      | Reached skill level 1 in Unarmed Combat
  1225 | D:2      | Reached XP level 3. HP: 27/27 MP: 3/3
  1711 | D:2      | Noticed Robin
  1740 | D:2      | Killed Robin
  1740 | D:2      | Gained mutation: You are immune to rotting. [demonic ancestry]
  1740 | D:2      | Reached XP level 4. HP: 23/33 MP: 4/4
  3083 | D:3      | Reached skill level 4 in Unarmed Combat
  3083 | D:3      | Reached XP level 5. HP: 23/38 MP: 5/5
  4416 | D:4      | Found an ancient bone altar of Kikubaaqudgha.
  4879 | D:4      | Noticed an ogre
  5070 | D:4      | Noticed Natasha
  5080 | D:4      | Killed Natasha
  5082 | D:4      | Noticed an ogre
  5089 | D:4      | Slain by an ogre

Action                   |  1- 3 |  4- 6 || total
-------------------------+-------+-------++-------
Melee: Dagger            |   128 |   217 ||   345
 Fire: Blowgun           |    10 |    10 ||    20
  Use: Potion            |     1 |     1 ||     2
 Stab: Sleeping          |     3 |     4 ||     7
  Eat: Chunk             |     3 |    10 ||    13
